 Dungeon Crawl Stone Soup version 0.23-a0-435-g79ed067 (webtiles) character file.

2330 UsaSuks the Grappler (level 9, -5/80 HPs)
             Began as a Troll Monk on Nov 15, 2018.
             Was a High Priest of Cheibriados.
             Slain by a two-headed ogre
             ... wielding a +0 giant club
              (21 damage)
             ... on level 7 of the Dungeon.
             The game lasted 00:11:09 (6216 turns).

UsaSuks the Grappler (Troll Monk)                   Turns: 6216, Time: 00:11:10

Health: -5/80      AC:  7    Str: 31    XL:     9   Next: 19%
Magic:  10/10      EV: 11    Int: 19    God:    Cheibriados [*****.]
Gold:   384        SH:  0    Dex: 25    Spells: 8/8 levels left

rFire    + . .     SeeInvis .     - Unarmed
rCold    . . .     Gourm    +   (no shield)
rNeg     . . .     Faith    .   a - +0 robe
rPois    .         Spirit   .   (helmet restricted)
rElec    .         Reflect  .   h - +1 cloak
rCorr    .         Harm     .   (gloves unavailable)
MR       .....                  (boots unavailable)
Stlth    ++........             (no amulet)
HPRegen  0.63/turn              f - -3 ring of dexterity (curse)
MPRegen  0.12/turn              q - ring of wizardry

@: very slow
A: large, unfitting armour, claws 3, agile 1, fire resistance 1, fast metabolism
3, gourmand, low mp 1, regeneration 1, shaggy fur 1, tough skin 2, weak 1
a: Bend Time, Temporal Distortion, Slouch, Step From Time, Renounce Religion


You were on level 7 of the Dungeon.
You worshipped Cheibriados.
Cheibriados was extremely pleased with you.
You were completely stuffed.

You visited 1 branch of the dungeon, and saw 7 of its levels.

You collected 384 gold pieces.

Inventory:

Hand Weapons
 y - a +2 vampiric trident
Missiles
 d - 281 stones (quivered)
 s - 2 poisoned tomahawks
Armour
 a - a +0 robe (worn)
 h - a +1 cloak (worn)
Jewellery
 f - a cursed -3 ring of dexterity (left claw)
 q - a ring of wizardry (right claw)
Wands
 u - a wand of enslavement (8)
 A - a wand of disintegration (10)
Scrolls
 c - a scroll of fear {unknown}
 g - 4 scrolls of magic mapping
 j - a scroll of fog {unknown}
 k - 4 scrolls of identify
 l - 3 scrolls of remove curse {unknown}
 n - a scroll of teleportation {unknown}
 p - 2 scrolls of blinking
 r - a scroll of amnesia {unknown}
 t - a scroll of enchant armour {unknown}
Potions
 e - a potion of agility
 i - 5 potions of lignification
 m - 4 potions of curing
 o - a potion of heal wounds {unknown}
 v - a potion of berserk rage {unknown}
 w - a potion of invisibility {unknown}
 x - a potion of ambrosia {unknown}
Comestibles
 b - 12 rations
 z - 4 chunks of flesh


   Skills:
 - Level 2.4 Fighting
 - Level 2.4 Dodging
 - Level 1.0 Stealth
 + Level 11.4 Unarmed Combat
 * Level 4.5 Invocations


You had 8 spell levels left.
You didn't know any spells.
Your spell library contained the following spells:

 Spells                   Type           Power        Failure   Level  Hunger
 Flame Tongue             Conj/Fire      #....        9%          1    ##.....
 Throw Flame              Conj/Fire      #.....       12%         2    ###....
 Conjure Flame            Conj/Fire      #.......     24%         3    ####...
 Inner Flame              Hex/Fire       #.......     24%         3    ####...
 Sticky Flame             Conj/Fire      #.......     58%         4    #####..
 Fireball                 Conj/Fire      #.........   89%         5    ######.


Dungeon Overview and Level Annotations

Branches:
Dungeon (7/15)             Temple (0/1) D:6

Altars:
Cheibriados
Hepliaklqana
Nemelex Xobeh
Okawaru
Qazlal
Uskayaw
Yredelemnul


Innate Abilities, Weirdness & Mutations

You are too large for most types of armour.
You have claws for hands.
Your metabolism is lightning-fast.
You like to eat raw meat.
Your natural rate of healing is unusually fast.
You are covered in fur. (AC +1)
You have very tough skin. (AC +2)
You are agile. (Dex +2)
Your flesh is heat resistant. (rF+)
Your magical capacity is low. (-10% MP)
You are weak. (Str -2)


Message History

A two-headed ogre is nearby!
A two-headed ogre is nearby!
The two-headed ogre shouts in stereo!
The two-headed ogre hits you with a +0 giant club!!
The two-headed ogre hits you with a +0 giant club!
You are too injured to fight recklessly!
You are too injured to fight recklessly!
You are too injured to fight recklessly!
You are too injured to fight recklessly!
You are too injured to fight recklessly!
You are too injured to fight recklessly!
You are too injured to fight recklessly!
You mangle the two-headed ogre!!
The two-headed ogre is heavily wounded.
The two-headed ogre hits you with a +0 giant club!!
* * * LOW HITPOINT WARNING * * *
The two-headed ogre misses you.
The two-headed ogre barely misses you. x2
The two-headed ogre hits you with a +0 giant club!!
You die...

####..##.##[)....##
#....# . ##
#..##......## #....#
. .#.
#.......####....# .
#.
##...#..........###.
##
#...##..###........
#
##..##....#....##.#
# #...##...#....##.#
# #.........######.#
# #@.####..........#
# #O.# ##...#####..
# # #..# #.#.###...#
# #..##..#
#.#.....### #
#.....# #..###...# #
#.##..# ##.....#.##
# ....######..###...
.#.#.........#####.
......#######..#####


You could see a two-headed ogre.

Vanquished Creatures
  The ghost of Barriton the Conjurer, an amateur DrCj (D:3)
  3 orc warriors (D:6)
  A sky beast (D:7)
  A black bear (D:7)
  2 ice beasts (D:5)
  An ogre (D:4)
  3 bullfrogs
  A water moccasin skeleton (D:6)
  2 scorpions
  A howler monkey (D:5)
  A crimson imp (D:5)
  3 bullfrog zombies
  3 hounds
  A centaur skeleton (D:4)
  3 orc priests
  A bullfrog skeleton (D:5)
  4 orc wizards
  An iguana (D:5)
  5 worker ants
  2 hound zombies
  A hound skeleton (D:4)
  A worker ant zombie (D:6)
  Robin (D:3)
  7 adders
  4 gnolls
  4 shadow imps
  An ooze (D:6)
  An adder zombie (D:3)
  3 worms
  2 dart slugs
  4 leopard geckos
  34 orcs
  10 bats
  5 giant cockroaches
  19 goblins
  7 hobgoblins
  8 jackals
  5 kobolds
  3 quokkas
  6 frilled lizards
  A jackal zombie (D:5)
  A quokka skeleton (D:5)
  A quokka zombie (D:5)
  6 rats
  A butterfly (D:6)
176 creatures vanquished.

Vanquished Creatures (collateral kills)
  A crimson imp (D:6)
  An orc wizard (D:6)
  A worker ant (D:6)
3 creatures vanquished.

Grand Total: 179 creatures vanquished

Notes
Turn   | Place    | Note
-------+----------+-------------------------------------------
     0 | D:1      | UsaSuks the Troll Monk began the quest for the Orb.
     0 | D:1      | Reached XP level 1. HP: 22/22 MP: 0/0
    59 | D:1      | Reached XP level 2. HP: 29/29 MP: 1/1
   264 | D:1      | Reached skill level 4 in Unarmed Combat
   539 | D:2      | Reached XP level 3. HP: 28/36 MP: 2/2
   994 | D:2      | Reached XP level 4. HP: 44/44 MP: 3/3
  1064 | D:2      | Reached skill level 5 in Unarmed Combat
  1545 | D:3      | Found a runed door.
  1765 | D:3      | Found a snail-covered altar of Cheibriados.
  1797 | D:3      | Gained mutation: You are somewhat resistant to further
                  | mutation. [potion of mutation]
  1798 | D:3      | Lost mutation: You are somewhat resistant to further
                  | mutation. [potion of mutation]
  1798 | D:3      | Gained mutation: Your flesh is heat resistant. (rF+)
                  | [potion of mutation]
  1798 | D:3      | Gained mutation: You are weak. (Str -2) [potion of
                  | mutation]
  1798 | D:3      | Gained mutation: Your magical capacity is low. (-10% MP)
                  | [potion of mutation]
  1798 | D:3      | Gained mutation: You are agile. (Dex +2) [potion of
                  | mutation]
  1850 | D:3      | Became a worshipper of Cheibriados the Contemplative
  1850 | D:3      | Reached * piety under Cheibriados
  1850 | D:3      | Reached ** piety under Cheibriados
  1995 | D:3      | Reached XP level 5. HP: 50/50 MP: 3/3
  2155 | D:3      | Noticed Barriton's ghost (amateur DrCj)
  2195 | D:3      | Killed Barriton's ghost
  2195 | D:3      | Reached skill level 6 in Unarmed Combat
  2195 | D:3      | Reached skill level 1 in Invocations
  2195 | D:3      | Reached XP level 6. HP: 38/59 MP: 3/5
  2636 | D:3      | Noticed Robin
  2663 | D:3      | Killed Robin
  2664 | D:3      | Reached *** piety under Cheibriados
  3011 | D:4      | Found a hazy altar of Hepliaklqana.
  3098 | D:4      | Reached skill level 7 in Unarmed Combat
  3843 | D:4      | Found a basalt altar of Yredelemnul.
  3855 | D:4      | Found a sparkling altar of Nemelex Xobeh.
  3986 | D:4      | Reached XP level 7. HP: 48/66 MP: 6/6
  4254 | D:5      | Entered Level 5 of the Dungeon
  4263 | D:5      | Reached skill level 8 in Unarmed Combat
  4490 | D:5      | Reached **** piety under Cheibriados
  4555 | D:5      | Reached skill level 9 in Unarmed Combat
  4559 | D:5      | Reached XP level 8. HP: 45/74 MP: 8/8
  5270 | D:5      | Found an iron altar of Okawaru.
  5422 | D:6      | Reached skill level 10 in Unarmed Combat
  5528 | D:6      | Found a staircase to the Ecumenical Temple.
  5536 | D:6      | Reached ***** piety under Cheibriados
  5637 | D:6      | Found a stormy altar of Qazlal.
  5794 | D:6      | Reached skill level 11 in Unarmed Combat
  6028 | D:7      | Reached XP level 9. HP: 77/80 MP: 9/9
  6045 | D:7      | Found a hide-covered altar of Uskayaw.
  6208 | D:7      | Noticed a two-headed ogre
  6216 | D:7      | Slain by a two-headed ogre

Vault maps used:
D:1:      minmay_arrival_four_houses, st_stairs_11, minmay_unequal
D:2:      st_stairs_1, minmay_misc_feat_plants
D:3:      kennysheep_goblin_castle, cheibriados_altar_1,
          ebering_ghost_inner_flame
D:4:      nicolae_overflow_crystal_walls, nicolae_overflow_hidden_temple,
          kennysheep_mini
D:5:      okawaru_altar_gauntlet_db, first_ration
D:6:      kennysheep_little_box, minmay_temple_entry_butterflies,
          nrook_mini_backslash
D:7:      demons_altar, eat_drink_and_be_merry_uskayaw

Skill      XL: |  1  2  3  4  5  6  7  8 |
---------------+-------------------------+-----
Unarmed Combat | 4 5 6 7 9 11 | 11.4
Invocations    | 1 2 4 |  4.5
Fighting       | |  2.4
Dodging        | |  2.4
Stealth        | |  1.0

Action                   |  1- 3 |  4- 6 |  7- 9 || total
-------------------------+-------+-------+-------++-------
Melee: Unarmed           |    66 |   188 |   188 ||   442
       Punch             |     1 |     9 |     7 ||    17
Evoke: Wand              |       |       |     2 ||     2
  Use: Scroll            |       |     4 |     2 ||     6
       Potion            |       |     2 |       ||     2
 Stab: Sleeping          |     1 |     1 |     3 ||     5
  Eat: Chunk             |    14 |    20 |    14 ||    48
Armor: Robe              |    36 |    75 |    83 ||   194
Dodge: Dodged            |    33 |   120 |    94 ||   247

Table legend:
 A = Non-vault XP
 B = Vault XP
 C = Vault XP percentage of total XP
 D = Non-vault monster count
 E = Vault monster count
 F = Vault count percentage of total count
                 A         B        C        D         E       F
            +---------+---------+-------+---------+---------+-------
      Total |    3030 |     299 |   9.0 |     141 |      37 |  20.8
            +---------+---------+-------+---------+---------+-------
        D:1 |      23 |       9 |  28.1 |       9 |       5 |  35.7
        D:2 |      81 |       3 |   3.6 |      17 |       3 |  15.0
        D:3 |     123 |     236 |  65.7 |      29 |      23 |  44.2
        D:4 |     414 |       0 |   0.0 |      20 |       0 |   0.0
        D:5 |     814 |      51 |   5.9 |      21 |       6 |  22.2
        D:6 |    1019 |       0 |   0.0 |      33 |       0 |   0.0
        D:7 |     556 |       0 |   0.0 |      12 |       0 |   0.0
            +---------+---------+-------+---------+---------+-------
